 Dungeon Crawl Stone Soup version 0.19.5 (webtiles) character file.

1743 Mesmaeker13 the Destroyer (level 9, -2/45 HPs)
             Began as a Gargoyle Conjurer on Apr 7, 2017.
             Killed by divine providence
             ... invoked by an orc priest
              (11 damage)
             ... on level 6 of the Dungeon.
             The game lasted 00:14:34 (6522 turns).

Mesmaeker13 the Destroyer (Gargoyle Conjurer)       Turns: 6522, Time: 00:14:35

Health: -2/45      AC: 12    Str: 12    XL:     9   Next: 6%
Magic:  4/12       EV: 14    Int: 22    God:
Gold:   264        SH:  0    Dex: 10    Spells: 4 memorised, 1 level left

rFire  . . .     SeeInvis .     A - +3 quarterstaff (chaos)
rCold  . . .     Gourm    .     a - +0 robe
rNeg   + . .     Faith    .     (shield currently unavailable)
rPois  ∞         Spirit   .     m - +2 helmet {Int+3}
rElec  +         Reflect  .     t - +0 cloak
rCorr  .         Harm     .     (no gloves)
MR     .....                    d - +0 pair of boots
Stlth  ++........               (no amulet)
                                (no ring)
                                (no ring)

@: no status effects
A: negative energy resistance 1, electricity resistance, unbreathing,
petrification resistance, rot immunity, AC +5
a: no special abilities


You were on level 6 of the Dungeon.
You were hungry.

You visited 1 branch of the dungeon, and saw 6 of its levels.
You also visited: Ossuary.

You collected 264 gold pieces.

Inventory:

Hand Weapons
 A - a +3 quarterstaff of chaos (weapon)
Armour
 a - a +0 robe (worn)
 d - a +0 pair of boots (worn)
 m - a +2 helmet of intelligence (worn)
 t - a +0 cloak (worn)
Wands
 o - a wand of flame (18/48)
Scrolls
 e - a scroll of enchant weapon {unknown}
 g - 5 scrolls of recharging
 h - 2 scrolls of blinking
 i - 5 scrolls of remove curse
 k - a scroll of enchant armour {unknown}
 p - 3 scrolls of teleportation
 q - a scroll of noise
 r - 2 scrolls of amnesia
 w - a scroll of fear {unknown}
 x - a scroll of magic mapping {unknown}
 E - 2 scrolls of immolation {unknown}
 H - 2 scrolls of random uselessness {unknown}
Potions
 f - 2 potions of might
 j - 3 potions of curing
 l - a potion of berserk rage {unknown}
 n - a potion of mutation {unknown}
 v - a potion of haste {unknown}
 z - a potion of magic {unknown}
 C - a potion of cure mutation {unknown}
 D - 2 potions of cancellation
 F - a potion of invisibility {unknown}
 G - a potion of heal wounds {unknown}
Books
 b - a book of Conjurations

   Spells                             Type                      Level
   a - Magic Dart                     Conjuration                  1
   b - Searing Ray                    Conjuration                  2
   c - Dazzling Spray                 Conjuration/Hexes            3
   d - Fulminant Prism                Conjuration/Hexes            4
   e - Iskenderun's Mystic Blast      Conjuration                  4
   f - Iskenderun's Battlesphere      Conjuration/Charms           5
 y - a book of Minor Magic

   Spells                             Type                      Level
   a - Magic Dart                     Conjuration                  1
   b - Blink                          Translocation                2
   c - Call Imp                       Summoning                    2
   d - Repel Missiles                 Charms/Air                   2
   e - Slow                           Hexes                        2
   f - Conjure Flame                  Conjuration/Fire             3
   g - Mephitic Cloud                 Conjuration/Poison/Air       3
 B - a book of Cantrips

   Spells                             Type                      Level
   a - Confusing Touch                Hexes                        1
   b - Animate Skeleton               Necromancy                   1
   c - Summon Small Mammal            Summoning                    1
   d - Apportation                    Translocation                1
Comestibles
 c - 4 bread rations
 s - 2 beef jerkies
 u - a slice of pizza
 I - a royal jelly


   Skills:
 + Level 5.6 Dodging
 - Level 3.3 Stealth
 - Level 2.0 Spellcasting
 - Level 8.0 Conjurations
 + Level 5.1 Hexes
 + Level 2.4 Charms


You had one spell level left.
You knew the following spells:

 Your Spells              Type           Power        Failure   Level  Hunger
a - Magic Dart            Conj           ####         1%          1    #......
b - Searing Ray           Conj           #####.       1%          2    ##.....
c - Dazzling Spray        Conj/Hex       ####..       2%          3    ###....
d - Iskenderun's Battles  Conj/Chrm      ####....     50%         5    ######.


Dungeon Overview and Level Annotations

Branches:
Dungeon (6/15)
 Temple: D:4-7

Altars:


Innate Abilities, Weirdness & Mutations

You are resistant to torment.
Your stone body is resilient. (AC +5)
You are immune to poison.
You resist negative energy. (rN+)
You are resistant to electric shocks. (rElec)
You can survive without breathing.
You are immune to petrification.
You are immune to rotting.


Message History

Your base attributes are Str 12, Int 18, Dex 10.
Increase (S)trength, (I)ntelligence, or (D)exterity?
You feel clever.
You hit the orc but do no damage.
The orc appears confused.
Your skin tingles.
The orc closely misses you.
Items here: )) [ ÷ † a scimitar; a chain mail; a club; an orc corpse; a necrophage skeleton The orc priest shouts!
Items here: ))) [ a flail; a mace; a robe; a dagger You hit the orc.
You drain the orc!
You kill the orc!
The orc priest invokes the aid of Beogh against you.
Beogh smites you!
* * * LOW HITPOINT WARNING * * *
Items here: )) [ ÷ † a scimitar; a chain mail; a club; an orc corpse; a necrophage skeleton The orc priest calls down the wrath of Beogh upon you.
Beogh smites you!
You die...

.. ... ... ?... ..##
#....... #..####.......
# #...##...#.>.
....#######.#.....#..#
.......@))[.#.##....####
##########o...........#.
##.............
#.##....#### .
#.##......(##.
...........?..)
...............
.......##.#...#.
.................


You could see an orc priest.

Vanquished Creatures
  Menkaure (D:4)
  Duvessa (D:4)
  An orc warrior (D:6)
  An ice beast (D:5)
  A necrophage (D:6)
  A phantom (D:4)
  An ogre (D:4)
  A bullfrog (D:6)
  Dowan (D:4)
  2 scorpions
  A centaur zombie (D:5)
  A crimson imp (D:5)
  2 hounds (D:4)
  2 orc priests (D:6)
  A centaur skeleton (D:5)
  2 bullfrog skeletons
  Crazy Yiuf (D:3)
  Jessica (D:2)
  Terence (D:3)
  2 iguanas
  2 orc wizards
  A worker ant (D:4)
  A hound zombie (D:5)
  3 mummies (Ossuary)
  8 gnolls
  12 adders
  2 howler monkey skeletons
  2 shadow imps
  An ooze (D:2)
  2 adder zombies (Ossuary)
  An adder skeleton (D:4)
  3 worms
  3 dart slugs
  4 leopard geckos
  8 orcs
  9 bats
  6 giant cockroaches
  8 goblins
  A hobgoblin (D:3)
  7 jackals (D:3)
  3 quokkas
  2 ball pythons
  3 frilled lizards
  3 goblin zombies (Ossuary)
  4 hobgoblin zombies (Ossuary)
  A jackal skeleton (D:4)
  9 kobolds
  2 kobold zombies (Ossuary)
  A leopard gecko zombie (D:5)
  6 quokka zombies (Ossuary)
  A rat (D:1)
144 creatures vanquished.

Vanquished Creatures (others)
  An adder zombie (Ossuary)
1 creature vanquished.

Grand Total: 145 creatures vanquished

Notes
Turn   | Place    | Note
-------+----------+-------------------------------------------
     0 | D:1      | Mesmaeker13 the Gargoyle Conjurer began the quest for the Orb.
     0 | D:1      | Reached XP level 1. HP: 10/10 MP: 3/3
   195 | D:1      | Reached XP level 2. HP: 14/15 MP: 5/5
   586 | D:1      | Learned a level 2 spell: Searing Ray
   647 | D:2      | Noticed Jessica
   895 | D:2      | Killed Jessica
   895 | D:2      | Reached skill level 5 in Conjurations
   895 | D:2      | Reached XP level 3. HP: 19/19 MP: 1/6
  1106 | D:2      | Reached XP level 4. HP: 21/24 MP: 3/7
  1430 | D:2      | Learned a level 3 spell: Dazzling Spray
  1948 | D:3      | Reached XP level 5. HP: 20/28 MP: 4/8
  2247 | D:3      | Found a runed door.
  2251 | D:3      | Noticed Crazy Yiuf
  2260 | D:3      | Killed Crazy Yiuf
  2490 | D:3      | Noticed Terence
  2498 | D:3      | Killed Terence
  2533 | D:3      | Reached skill level 6 in Conjurations
  2714 | D:4      | Reached XP level 6. HP: 32/32 MP: 7/9
  3169 | D:4      | Noticed a phantom
  3176 | D:4      | Reached skill level 1 in Hexes
  3188 | D:4      | Killed a phantom
  3406 | D:4      | Noticed Menkaure
  3477 | D:4      | Killed Menkaure
  3477 | D:4      | Reached XP level 7. HP: 36/36 MP: 5/10
  4054 | D:4      | Reached skill level 7 in Conjurations
  4312 | D:4      | Noticed Duvessa
  4320 | D:4      | Noticed Dowan
  4325 | D:4      | Killed Duvessa
  4339 | D:4      | Killed Dowan
  4339 | D:4      | Reached XP level 8. HP: 29/41 MP: 1/11
  4775 | D:5      | Entered Level 5 of the Dungeon
  4989 | D:5      | Reached skill level 5 in Dodging
  5006 | D:5      | Found a sand-covered staircase.
  5025 | Ossuary  | Entered an ossuary
  5162 | Ossuary  | Reached skill level 8 in Conjurations
  5178 | Ossuary  | Learned a level 5 spell: Iskenderun's Battlesphere
  6269 | D:6      | Reached skill level 1 in Charms
  6516 | D:6      | Reached skill level 5 in Hexes
  6516 | D:6      | Reached XP level 9. HP: 19/45 MP: 4/12
  6522 | D:6      | Killed from afar by an orc priest

Skill      XL: |  1  2  3  4  5  6  7  8 |
---------------+-------------------------+-----
Dodging        | 2 3 4 5 |  5.6
Conjurations   | 5 6 7 8 |  8.0
Stealth        | 3 |  3.3
Hexes          | 2 3 5 |  5.1
Charms         | 2 |  2.4
Spellcasting   | |  2.0

Action                   |  1- 3 |  4- 6 |  7- 9 || total
-------------------------+-------+-------+-------++-------
Melee: Hand axe          |    35 |    35 |       ||    70
       Quarterstaff      |       |    32 |   143 ||   175
Throw: Throwing net      |       |     2 |       ||     2
 Cast: Magic Dart        |    25 |    38 |    66 ||   129
       Searing Ray       |     2 |    12 |    14 ||    28
       Dazzling Spray    |       |       |     2 ||     2
  Use: Scroll            |       |     3 |     5 ||     8
       Potion            |       |       |     1 ||     1
 Stab: Sleeping          |       |     1 |       ||     1
       Confused          |       |       |     1 ||     1
  Eat: Chunk             |     1 |     9 |     6 ||    16
       Bread ration      |       |       |     1 ||     1
Armor: Robe              |    19 |    52 |    69 ||   140
Dodge: Dodged            |    29 |    62 |   117 ||   208
